 Dungeon Crawl Stone Soup version 0.31-a0-662-g684573625c (webtiles) character file.

Game seed: 9819387220797875651

499 wazuzu the Cudgeller (level 6, -4/42 HPs)
             Began as a Demonspawn Monk on Sept 1, 2023.
             Was a Plaything of Xom.
             Slain by a killer bee (5 damage)
             ... on level 5 of the Dungeon.
             The game lasted 00:06:55 (3107 turns).

wazuzu the Cudgeller (Demonspawn Monk)              Turns: 3107, Time: 00:06:56

Health: -4/42      AC: 10    Str: 13    XL:     6   Next: 94%
Magic:  0/6        EV: 11    Int: 11    God:    Xom [.*....]
Gold:   267        SH:  0    Dex: 16    Spells: 5/5 levels left

rFire   + . .        n - +3 flail (drain)
rCold   + . .        d - orb {light}
rNeg    . . .        h - +0 ring mail
rPois   .            w - +0 helmet
rElec   .            t - scarf {rC+ rF+}
rCorr   .            (no gloves)
SInv    .            (no boots)
Will    .....        f - amulet of regeneration
Stlth   +            l - ring of flight
HPRegen 1.07/turn    v - +4 ring of protection
MPRegen 0.20/turn

%: guardian spirit
@: brilliant, lethally poisoned (-4 -> -13), attractive, flying, glowing
A: claws 1, magic shield, magic regeneration, weakness stinger 1, frail 1
a: Renounce Religion


You were on level 5 of the Dungeon.
You worshipped Xom.
You were a plaything of Xom.
You visited 1 branch of the dungeon, and saw 5 of its levels.

You collected 267 gold pieces.


Innate Abilities, Weirdness & Mutations

You have sharp fingernails.
When hurt, damage is shared between your health and your magic reserves.
You regenerate magic rapidly.
You have a small tail.
You are frail. (-10% HP)


   Skills:
 - Level 3.0 Fighting
 + Level 7.2 Maces & Flails
 - Level 2.6 Dodging


You had 5 spell levels left.
You didn't know any spells.
Your spell library contained the following spells:

 Spells                   Type           Power      Damage    Failure   Level
 Sandblast                Erth           0%         2d4       61%         1
 Passwall                 Tmut/Erth      0%         N/A       75%         2
 Stone Arrow              Conj/Erth      0%         3d7       93%         3
 Haunt                    Necr/Summ      0%         N/A       100%        7
 Borgnjor's Revivificati  Necr           0%         N/A       100%        8
 Death's Door             Necr           0%         N/A       100%        9


Dungeon Overview and Level Annotations

Branches:
Dungeon (5/15)
 Temple: D:4-7

Altars:
Cheibriados
Xom

Inventory:

Hand Weapons
 n - a +3 flail of draining (weapon)
 x - a +2 orcbow of flaming
Armour
 d - an orb of light (worn)
 h - a +0 ring mail (worn)
 t - a scarf of resistance (worn)
 w - a +0 helmet (worn)
Jewellery
 f - an amulet of regeneration (around neck)
 l - a ring of flight (left claw)
 v - a +4 ring of protection (right claw)
Wands
 m - a wand of polymorph (2)
Scrolls
 e - 3 scrolls of identify {unknown}
 o - 2 scrolls of revelation {unknown}
 r - 3 scrolls of teleportation {unknown}
 s - a scroll of fear {unknown}
 u - a scroll of amnesia {unknown}
 y - a scroll of silence {unknown}
Potions
 c - a potion of ambrosia
 g - 4 potions of mutation
 i - 3 potions of degeneration {unknown}
 j - a potion of attraction
 k - a potion of berserk rage {unknown}
 q - a potion of heal wounds {unknown}

... ######.### .........
#.##.#..# # #.##.#..# ..##.
#.##.#..######
......########....#......<#
........Qyyy@........>#######
####.##.yy#####..............
#....###.Z.###...#.#######
#..###.......##..#.<# #.#
...###...#.....# #. ....#
#..#.##..# # ...# ..#......
... ##.##..## .. ...#


You could see a tengu, 5 killer bees and a scorpion simulacrum.


Message History

The killer bee closely misses you.
The killer bee stings you but does no damage.
You feel sick. The killer bee stings you!
* * * LOW HITPOINT WARNING * * *
The killer bee barely misses you. The killer bee closely misses you.
The killer bee barely misses you.
You feel sick.
You feel sick.
The killer bee attacks as it pursues you!
The killer bee stings you but does no damage.
The killer bee closely misses you.
You sock the killer bee! You drain the killer bee.
The killer bee is almost dead.
You feel sick. The killer bee closely misses you. x2
Okay, then.
You barely miss the killer bee.
The killer bee is almost dead.
You feel sick.
The killer bee stings you but does no damage.
The killer bee misses you.
You sock the killer bee!
You kill the killer bee!
You feel sick.
You are no longer poisoned.
The killer bee stings you but does no damage.
The killer bee closely misses you.
You miss the killer bee. The killer bee misses you. The killer bee stings you.
* * * LOW HITPOINT WARNING * * *
You are poisoned.
The killer bee poisons you!
You hit the killer bee. You drain the killer bee. You tail-slap the killer bee.
The killer bee is severely wounded.
You feel sick.
The killer bee stings you but does no damage.
You hit the killer bee but do no damage.
You feel sick. The killer bee stings you.
* * * LOW HITPOINT WARNING * * *
The killer bee barely misses you.
You hit the killer bee. You tail-slap the killer bee.
The killer bee is heavily wounded.
You feel sick. The killer bee closely misses you. The killer bee stings you.
* * * LOW HITPOINT WARNING * * *
You are more poisoned.
The killer bee poisons you!
You hit the killer bee.
The killer bee is heavily wounded.
You feel sick.
The killer bee stings you but does no damage. x2
It was a potion of attraction.
You feel attractive to monsters.
Xom is mildly amused.
You feel sick. The killer bee closely misses you.
The killer bee stings you but does no damage.
It was a potion of brilliance.
You feel clever all of a sudden.
You feel sick. The killer bee stings you!
* * * LOW HITPOINT WARNING * * *
You are lethally poisoned!
The killer bee poisons you! The killer bee barely misses you.
It was a potion of mutation.
You feel extremely strange.
You feel frail.
Xom is highly amused!
* * * LOW HITPOINT WARNING * * *
You feel very sick. The killer bee stings you.
* * * LOW HITPOINT WARNING * * *
You are more poisoned.
The killer bee poisons you! The killer bee stings you.
You die...
Xom laughs nastily!

Action                     |  1- 3 |  4- 6 || total
---------------------------+-------+-------++-------
  Melee: Mace              |    98 |    17 ||   115
         Flail             |       |    82 ||    82
         Unarmed           |       |     1 ||     1
         Tailslap          |       |     7 ||     7
    Use: Potion            |       |     3 ||     3
 Armour: Robe              |    40 |       ||    40
         Ring mail         |    35 |    75 ||   110
         Skin              |       |     1 ||     1
  Dodge: Dodged            |    80 |    63 ||   143

Levels and vault maps discovered:
D:1:      nzn_arrival_settlement, layout_loops_ring,
          hellmonk_ecumenical_altar_slurped_away
D:2:      layout_basic, minmay_strange_pillars, minmay_distorted, uniq_terence
D:3:      layout_basic, cheibrodos_worm_habitat, hangedman_decor_growths,
          saegor_snake_ambush
D:4:      layout_rooms, minmay_door_square, nicolae_underground_beach
D:5:      layout_basic, gammafunk_ghost_icy

Notes
Turn   | Place    | Note
-------+----------+-------------------------------------------
     0 | D:1      | wazuzu the Demonspawn Monk began the quest for the Orb.
     0 | D:1      | Reached XP level 1. HP: 18/18 MP: 1/1
    52 | D:1      | Found a faded altar of an unknown god.
    60 | D:1      | Prayed at the altar of an unknown god.
    60 | D:1      | Became a worshipper of Xom the Tricky
   124 | D:1      | Reached skill level 3 in Maces & Flails
   137 | D:1      | Gained mutation: You regenerate magic rapidly. [demonic
                  | ancestry]
   137 | D:1      | Reached XP level 2. HP: 24/24 MP: 2/2
   137 | D:1      | XOM: divination: magic mapping
   768 | D:2      | Discovered your monstrous ancestry.
   768 | D:2      | Gained mutation: You have sharp fingernails. [demonic
                  | ancestry]
   768 | D:2      | Reached XP level 3. HP: 29/29 MP: 3/3
   874 | D:2      | XOM: silly message
   935 | D:2      | HP: 7/29 [gnoll/+0 whip (6)]
   944 | D:2      | Reached skill level 4 in Maces & Flails
   947 | D:2      | HP: 7/29 [gnoll/+0 flail (6)]
   947 | D:2      | XOM: smoke on damage
   952 | D:2      | HP: 5/29 [gnoll/+0 flail (3)]
   957 | D:2      | HP: 2/29 [gnoll/+0 flail (8)]
  1056 | D:2      | Gained mutation: When hurt, damage is shared between your
                  | health and your magic reserves. [demonic ancestry]
  1056 | D:2      | Reached XP level 4. HP: 29/35 MP: 4/4
  1178 | D:2      | XOM: silly message
  1250 | D:2      | XOM: 2-stop teleportation journey
  1283 | D:2      | Noticed Terence
  1285 | D:2      | Killed Terence
  1286 | D:2      | Reached skill level 5 in Maces & Flails
  1813 | D:3      | XOM: god gift: fuming blue potion {god gift}
  1818 | D:3      | Found a snail-covered altar of Cheibriados.
  1984 | D:3      | Reached XP level 5. HP: 41/41 MP: 5/5
  2023 | D:3      | XOM: blink monster(s)
  2400 | D:3      | XOM: silly message
  2448 | D:3      | Noticed a phantom
  2452 | D:3      | Killed a phantom
  2453 | D:3      | Reached skill level 6 in Maces & Flails
  2453 | D:3      | Gained mutation: You have a small tail. [demonic ancestry]
  2453 | D:3      | Reached XP level 6. HP: 42/47 MP: 6/6
  2548 | D:4      | XOM: god gift: 56 gold pieces
  2608 | D:4      | XOM: destruction
  2711 | D:4      | XOM: god gift: +2 orcbow of flaming
  2902 | D:4      | Reached skill level 7 in Maces & Flails
  3069 | D:5      | Entered Level 5 of the Dungeon
  3090 | D:5      | Noticed an ice beast
  3091 | D:5      | an ice beast changed into a tengu
  3091 | D:5      | XOM: polymorph ice beast -> tengu
  3104 | D:5      | HP: 11/47 [poisoned by a killer bee]
  3107 | D:5      | Gained mutation: You are frail. (-10% HP) [potion of
                  | mutation]
  3107 | D:5      | HP: 4/42 [poisoned by a killer bee]
  3107 | D:5      | HP: 1/42 [killer bee (3)]
  3107 | D:5      | Slain by a killer bee

Vanquished Creatures
  2 phantoms
  A scorpion (D:4)
  A killer bee (D:5)
  2 hounds (D:4)
  Terence (D:2)
  2 orc wizards (D:3)
  5 adders
  4 gnolls
  A shadow imp (D:5)
  A worm (D:3)
  4 dart slugs
  5 orcs (D:3)
  8 bats
  3 endoplasms
  3 giant cockroaches
  7 goblins
  4 hobgoblins
  6 jackals
  4 kobolds
  A quokka (D:1)
  A ball python (D:3)
  3 frilled lizards
  8 rats
77 creatures vanquished.
